 Dungeon Crawl Stone Soup version 0.26-a0-651-gb41185065b (webtiles) character file.

Game seed: 13726998149247705022

15 Lanoc the Sneak (level 2, -2/24 HPs)
             Began as a Demonspawn Delver on Oct 1, 2020.
             Slain by a centaur (7 damage)
             ... on level 3 of the Dungeon.
             The game lasted 00:00:59 (428 turns).

Lanoc the Sneak (Demonspawn Delver)                  Turns: 428, Time: 00:00:59

Health: -2/24      AC:  4    Str: 12    XL:     2   Next: 34%
Magic:  2/2        EV: 12    Int: 11    God:
Gold:   12         SH:  0    Dex: 14    Spells: 1/1 levels left

rFire    . . .     SeeInvis .   a - +0 falchion
rCold    . . .     Faith    .   (no shield)
rNeg     . . .     Spirit   .   b - +0 leather armour
rPois    .         Reflect  .   (no helmet)
rElec    .         Harm     .   (no cloak)
rCorr    .         Rampage  .   k - +0 pair of gloves (curse)
MR       .....                  (no boots)
Stlth    ++........             (no amulet)
HPRegen  0.08/turn              (no ring)
MPRegen  0.08/turn              (no ring)

@: hasted, very quick
A: spiny 1
a: no special abilities


You were on level 3 of the Dungeon.
You visited 1 branch of the dungeon, and saw 3 of its levels.

You collected 12 gold pieces.

Inventory:

Hand Weapons
 a - a +0 falchion (weapon)
Armour
 b - a +0 leather armour (worn)
 k - a cursed +0 pair of gloves (worn)
Wands
 g - a wand of digging (3)
 j - a wand of flame (15)
Scrolls
 c - a scroll of fog
 d - a scroll of magic mapping
 h - 2 scrolls of remove curse {unknown}
 i - 2 scrolls of identify {unknown}
 l - a scroll of teleportation


   Skills:
 + Level 3.4 Fighting
 - Level 1.7 Long Blades
 + Level 2.3 Dodging
 - Level 4.5 Stealth


You had one spell level left.
You didn't know any spells.
Your spell library was empty.

Dungeon Overview and Level Annotations

Branches:
Dungeon (5/15)
 Temple: D:4-7

Altars:


Innate Abilities, Weirdness & Mutations

You are partially covered in sharp spines.


Message History

The centaur unwields a +0 shortbow.
The centaur hits you! The centaur hits you.
You are too injured to fight recklessly!
You are too injured to fight recklessly!
You barely miss the centaur. The centaur misses you.
You hit the centaur.
The centaur is lightly wounded.
The centaur misses you. The centaur is struck by your spines.
The centaur hits you.
* * * LOW HITPOINT WARNING * * *
You feel yourself speed up. The centaur barely misses you.
You riposte.
You hit the centaur but do no damage.
The centaur is lightly wounded.
The centaur closely misses you.
You hit the centaur but do no damage.
The centaur is lightly wounded.
The centaur is struck by your spines. The centaur barely misses you.
You hit the centaur but do no damage.
The centaur is moderately wounded.
The centaur hits you!
You die...

##########
#........#
#........#
#.....>..#
#....(.†.#
##.#@#####
#.#c#######
#S#.......##
#.#........##
.............#
###......$...#####
#..............##
#.........(.....#
#........†)......#


You could see a centaur.

Vanquished Creatures
  An adder zombie (D:5)
  A worm (D:3)
  2 orcs (D:3)
  A bat (D:3)
  A giant cockroach (D:3)
  A frilled lizard (D:5)
7 creatures vanquished.

Notes
Turn   | Place    | Note
-------+----------+-------------------------------------------
     0 | D:5      | Lanoc the Demonspawn Delver began the quest for the Orb.
     0 | D:5      | Reached XP level 1. HP: 18/18 MP: 1/1
   168 | D:3      | Gained mutation: You are partially covered in sharp spines.
                  | [demonic ancestry]
   168 | D:3      | Reached XP level 2. HP: 24/24 MP: 2/2
   178 | D:3      | Noticed a centaur
   428 | D:3      | Slain by a centaur

Illustrated notes

Levels and vault maps discovered:
D:3:      layout_rooms, nicolae_overflow_hidden_temple
D:4:      layout_basic, grunt_temple_overflow_open
D:5:      layout_rooms, uniq_duvessa

Skill      XL: |  1 |
---------------+----+-----
Dodging        | 2 |  2.3
Fighting       | |  3.4
Long Blades    | |  1.7
Stealth        | |  4.5

Action                   || total
-------------------------++-------
Melee: Falchion          ||    25
  Use: Scroll            ||     1
       Potion            ||     1
Armor: Leather armour    ||     6
Dodge: Dodged            ||    24
       Rpst.: Falchion   ||     7

Table legend: (Time is in decaauts)
 A = Elapsed time spent in this place.
 B = Non-inter-level travel time spent in this place.
 C = Inter-level travel time spent in this place.
 D = Time resting spent in this place.
 E = Time spent auto-exploring this place.
 F = Levels seen in this place.
 G = Mean time per level.
                   A        B        C        D        E       F      G
               +--------+--------+--------+--------+--------+-----+--------+
         Total |    433 |    433 |      0 |    216 |     79 |   3 |  144.3 |
       Dungeon |    433 |    433 |      0 |    216 |     79 |   3 |  144.3 |
               +--------+--------+--------+--------+--------+-----+--------+

Top non-repeatable levels by time:
     D:4: 258 daAuts
     D:5: 98 daAuts
     D:3: 76 daAuts
